 Dungeon Crawl Stone Soup version 0.32-a0-613-g40f424e (webtiles) character file.

Game seed: 11489382409376701808

679 Dorkslayer the Covered (level 7, -5/54 HPs)
             Began as a Human Fighter on Mar 4, 2024.
             Slain by an ogre
             ... wielding a +0 giant club
              (22 damage)
             ... on level 4 of the Dungeon.
             The game lasted 00:07:25 (1966 turns).

Dorkslayer the Covered (Human Fighter)              Turns: 1966, Time: 00:07:26

Health: -5/54      AC:  9    Str: 18    XL:     7   Next: 60%
Magic:  7/7        EV: 10    Int:  8    God:
Gold:   172        SH:  5    Dex: 13    Spells: 6/6 levels left

rFire   . . .        q - +3 flail (holy)
rCold   . . .        c - +0 buckler
rNeg    . . .        b - +0 scale mail
rPois   .            (no helmet)
rElec   .            (no cloak)
rCorr   .            e - +0 pair of gloves
SInv    .            p - +0 pair of boots {Fly}
Will    +....        (no amulet) Stlth
                     n - ring of willpower
HPRegen 0.29/turn    (no ring)
MPRegen 0.10/turn

%: no passive effects
@: flying
A: explore regen
a: no special abilities


You were on level 4 of the Dungeon.
You visited 1 branch of the dungeon, and saw 4 of its levels.

You collected 172 gold pieces.

Inventory:

Hand Weapons
 a - a +0 war axe
 q - a +3 flail of holy wrath (weapon)
 r - a +2 hand axe of electrocution
Missiles
 j - 4 curare-tipped darts (quivered)
 s - 3 boomerangs
Armour
 b - a +0 scale mail (worn)
 c - a +0 buckler (worn)
 e - a +0 pair of gloves (worn)
 p - a +0 pair of boots of flying (worn)
Jewellery
 n - a ring of willpower (left hand)
Scrolls
 f - 4 scrolls of amnesia {unknown}
 h - 2 scrolls of identify {unknown}
 k - 2 scrolls of vulnerability {unknown}
 l - a scroll of acquirement {unknown}
 m - a scroll of teleportation {unknown}
 t - a scroll of summoning {unknown}
 v - a scroll of enchant armour {unknown}
Potions
 g - a potion of cancellation {unknown}
 o - 2 potions of enlightenment {unknown}
 u - a potion of haste {unknown}


   Skills:
 + Level 4.0 Fighting
 + Level 3.9(4.4) Axes
 + Level 3.0(4.0) Maces & Flails
 + Level 4.4 Armour
 * Level 3.0 Dodging
 + Level 3.5 Shields
 * Level 2.5 Evocations


You had 6 spell levels left.
You didn't know any spells.
Your spell library contained the following spells:

 Spells                   Type           Power      Damage    Failure   Level
 Sting                    Conj/Alch      0%         1d3       86%         1
 Call Imp                 Summ           0%         N/A       94%         2
 Mercury Vapours          Alch/Air       0%         N/A       94%         2
 Sublimation of Blood     Necr           0%         N/A       94%         2
 Olgreb's Toxic Radiance  Alch           0%         N/A       100%        4
 Summon Hydra             Summ           0%         N/A       100%        7


Dungeon Overview and Level Annotations

Branches:
Dungeon (4/15)
 Temple: D:4-7

Altars:
The Shining One

Annotations:
D:4 3 runed translucent doors, znke's ghost, amateur GrSh


Innate Abilities, Weirdness & Mutations

You regain HP and MP as you explore.


Message History

You barely miss the adder.
You feel sick.
You are no longer poisoned.
The adder bites you but does no damage. The adder closely misses you.
The adder bites you but does no damage. x2
You barely miss the adder. You block the adder's attack.
The adder barely misses you. You block the adder's attack.
You closely miss the adder.
The adder bites you but does no damage. x2
The adder barely misses you.
You sock the adder!
The adder is severely wounded.
You block the adder's attack. The adder bites you but does no damage.
You block the adder's attack.
You closely miss the adder.
The adder is severely wounded.
The adder barely misses you. The adder closely misses you.
The adder bites you but does no damage.
You barely miss the adder.
The adder is severely wounded.
The adder bites you.
You are poisoned.
The adder poisons you! You block the adder's attack.
The adder bites you but does no damage. x2
You hit the adder.
The adder is almost dead.
You feel sick.
The adder closely misses you. x2; The adder bites you.
You sock the adder!
You kill the adder!
You feel sick. You block the adder's attack.
You feel sick.
You see here an adder corpse.
You feel sick.
You feel sick.
You feel sick.
You are no longer poisoned.
You barely miss the ogre.
The ogre hits you with a +0 giant club!!
You hit the ogre.
The ogre is moderately wounded.
The ogre hits you with a +0 giant club!!
You die...

#.#..K#...#...
#..###..K..#
##K# #.....#
##..##+.....+
#SJ#...#####.K
##....#.# .#.
#JK####.# ' #
# #O#...#.
#@..#...#
##...##+..
...# ...#
..#.. ....#.
..... . #### #


You could see an ogre, an adder, 2 endoplasms and 2 kobolds.

Vanquished Creatures
  Pikel (D:4)
  3 lemures (D:4)
  A phantom (D:4)
  An orc priest (D:3)
  An iguana (D:4)
  5 adders
  A ribbon worm (D:2)
  2 dart slugs
  8 orcs (D:3)
  7 ball pythons
  2 bats (D:1)
  4 endoplasms
  2 giant cockroaches
  4 hobgoblins
  2 jackals (D:2)
  4 kobolds
  2 quokkas (D:1)
  2 frilled lizards (D:1)
  6 goblins
  5 rats
63 creatures vanquished.

Notes
Turn   | Place    | Note
-------+----------+-------------------------------------------
     0 | D:1      | Dorkslayer the Human Fighter began the quest for the Orb.
     0 | D:1      | Reached XP level 1. HP: 18/18 MP: 1/1
    88 | D:1      | Reached XP level 2. HP: 24/24 MP: 2/2
   525 | D:2      | Reached XP level 3. HP: 24/29 MP: 3/3
   533 | D:2      | Reached skill level 1 in Dodging
  1297 | D:3      | Reached XP level 4. HP: 34/35 MP: 4/4
  1528 | D:3      | Reached XP level 5. HP: 41/41 MP: 5/5
  1797 | D:4      | Noticed a phantom
  1798 | D:4      | Found a runed translucent gate.
  1799 | D:4      | Found a runed translucent gate.
  1800 | D:4      | Found a runed translucent gate.
  1801 | D:4      | Noticed znke's ghost (amateur GrSh)
  1801 | D:4      | Identified the +7 mace of the Establishment {elec, rC+
                  | Str-4 Int+2 Stlth+}
  1807 | D:4      | Killed a phantom
  1808 | D:4      | Reached skill level 1 in Evocations
  1808 | D:4      | Reached XP level 6. HP: 47/47 MP: 6/6
  1830 | D:4      | Found a glowing golden altar of the Shining One.
  1854 | D:4      | Noticed Pikel
  1914 | D:4      | Killed Pikel
  1915 | D:4      | Reached XP level 7. HP: 24/54 MP: 7/7
  1966 | D:4      | Slain by an ogre

Illustrated notes

Levels and vault maps discovered:
D:1:      dreamdust_arrival_beginning_and_end, layout_basic
D:2:      layout_basic, serial_co_window_serial, co_window_corner_a,
          co_window_corner_a, co_window_paths_b, co_window_of_opportunity_a,
          co_window_of_opportunity_a, co_window_paths_a, co_window_corner_b,
          co_window_corner_b, co_window_broadway_c, co_window_broadway_a,
          co_window_corner_cb, glass_columns_a, glass_columns_b,
          glass_columns_a, glass_columns_b, glass_columns_b
D:3:      layout_rooms
D:4:      layout_rooms, nicolae_tso_carved_into_rock, minmay_temple_entry_trees,
          biasface_ghost_orc_armoury, minmay_fractal_squares_diagonal_5,
          uniq_pikel

Skill      XL: |  1  2  3  4  5  6 |
---------------+-------------------+-----
Dodging        | 1 2 3 |  3.0
Axes           | 3 |  3.9
Evocations     | 1 2 |  2.5
Fighting       | 4 |  4.0
Maces & Flails | 3 |  3.0
Armour         | 4 |  4.4
Shields        | |  3.5

Action                     |  1- 3 |  4- 6 |  7- 9 || total
---------------------------+-------+-------+-------++-------
  Melee: War axe           |   117 |    50 |       ||   167
         Flail             |       |    61 |    12 ||    73
    Use: Potion            |       |     3 |       ||     3
 Armour: Scale mail        |    90 |    95 |    20 ||   205
  Dodge: Dodged            |    73 |    49 |     9 ||   131
  Block: Buckler           |    34 |    17 |     7 ||    58

Table legend: (Time is in decaauts)
 A = Elapsed time spent in this place.
 B = Non-inter-level travel time spent in this place.
 C = Inter-level travel time spent in this place.
 D = Time resting spent in this place.
 E = Time spent auto-exploring this place.
 F = Levels seen in this place.
 G = Mean time per level.
                   A        B        C        D        E       F      G
               +--------+--------+--------+--------+--------+-----+--------+
         Total |   2056 |   2056 |      0 |      0 |   1036 |   4 |  514.0 |
       Dungeon |   2056 |   2056 |      0 |      0 |   1036 |   4 |  514.0 |
               +--------+--------+--------+--------+--------+-----+--------+

Top non-repeatable levels by time:
     D:2: 819 daAuts
     D:1: 502 daAuts
     D:3: 500 daAuts
     D:4: 233 daAuts
